 Dungeon Crawl Stone Soup version 0.30-a0-1018-g25214051b3 (webtiles) character file.

Game seed: 9007732103405394200

1946 LobsterGuardian the Conjurer (level 8, -1/61 HPs)
             Began as a White Draconian Conjurer on Apr 7, 2023.
             Was a Priest of Cheibriados.
             Slain by a slime creature (12 damage)
             ... on level 7 of the Dungeon.
             The game lasted 00:20:32 (5830 turns).

LobsterGuardian the Conjurer (DrCj)                 Turns: 5830, Time: 00:20:33

Health: -1/61      AC:  9    Str: 16    XL:     8   Next: 98%
Magic:  5/16       EV: 14    Int: 31    God:    Cheibriados [***...]
Gold:   290        SH:  0    Dex: 20    Spells: 4/18 levels left

rFire   . . .      SeeInvis .    e - +4 quarterstaff (flame)
rCold   + + .      Faith    .    (shield currently unavailable)
rNeg    . . .      Spirit   .    (body armour unavailable)
rPois   .          Reflect  .    (helmet restricted)
rElec   .          Rampage  .    r - +0 cloak {Will+}
rCorr   .                        i - +1 pair of gloves
Will    ++...                    (no boots)
Stlth   +++                      (no amulet)
HPRegen 1.10/turn                o - ring of protection from cold
MPRegen 0.15/turn                q - +6 ring of intelligence

@: mighty, on berserk cooldown, attractive, hasted and slowed, very slow
A: breathe frost, AC +6, unfitting armour, cold resistance 1, cold-blooded,
strong-willed 1, regeneration 1
a: Breathe Frost, Renounce Religion, Bend Time, Temporal Distortion


You were on level 7 of the Dungeon.
You worshipped Cheibriados.
Cheibriados was most pleased with you.
You visited 1 branch of the dungeon, and saw 7 of its levels.

You collected 290 gold pieces.

Inventory:

Hand Weapons
 e - a +4 quarterstaff of flaming (weapon)
Armour
 i - a +1 pair of gloves (worn)
 r - a +0 cloak of willpower (worn)
Jewellery
 l - a ring of fire
 o - a ring of protection from cold (left hand)
 q - a +6 ring of intelligence (right hand)
 x - an amulet of the acrobat
 C - a +5 ring of evasion
Wands
 g - a wand of digging (7)
 y - a wand of charming (11)
Scrolls
 b - 2 scrolls of amnesia
 c - a scroll of immolation {unknown}
 f - a scroll of silence {unknown}
 k - a scroll of noise
 n - 2 scrolls of enchant armour
 s - a scroll of enchant weapon {unknown}
 t - a scroll of vulnerability
Potions
 a - 2 potions of magic
 h - a potion of resistance {unknown}
 j - a potion of might
 m - a potion of haste
 p - 2 potions of berserk rage
 v - a potion of curing
 w - a potion of flight
 B - a potion of mutation


   Skills:
 + Level 1.9 Fighting
 * Level 5.9 Staves
 + Level 3.7 Dodging
 + Level 3.5 Stealth
 * Level 5.8 Spellcasting
 + Level 6.2 Conjurations
 + Level 0.3 Translocations
 * Level 3.5 Invocations


You had 4 spell levels left.
You knew the following spells:

 Your Spells              Type           Power      Damage    Failure   Level
a - Magic Dart            Conj           100%       1d8       1%          1
b - Searing Ray           Conj           94%        2d7       1%          2
c - Dazzling Flash        Conj/Hex       56%        N/A       4%          3
d - Iskenderun's Mystic   Conj/Tloc      29%        2d7       13%         4
e - Fulminant Prism       Conj/Hex       14%        3d8       14%         4

Your spell library contained the following spells:

 Spells                   Type           Power      Damage    Failure   Level
 Apportation              Tloc           20%        N/A       4%          1
 Necrotise                Necr           32%        1d5       4%          1
 Sting                    Tmut/Pois      32%        1d4       4%          1
 Summon Small Mammal      Summ           32%        N/A       4%          1
 Poisonous Vapours        Pois/Air       16%        N/A       8%          2
 Volatile Blastmotes      Fire/Tloc      18%        2d11      14%         3
 Ozocubu's Armour         Ice            8%         N/A       16%         3
 Olgreb's Toxic Radiance  Pois           8%         N/A       45%         4
 Lee's Rapid Deconstruct  Erth           4%         3d5*      80%         5
 Metabolic Englaciation   Hex/Ice        4%         N/A       80%         5
 Starburst                Conj/Fire      14%        6d6       91%         6
 Simulacrum               Ice/Necr       4%         N/A       100%        6


Dungeon Overview and Level Annotations

Branches:
Dungeon (7/15)             Temple (0/1) D:6

Altars:
Cheibriados
Vehumet


Innate Abilities, Weirdness & Mutations

You can breathe waves of freezing cold which knock back foes.
Your icy white scales are hard. (AC +6)
You cannot fit into any form of body armour.
Your flesh is cold resistant. (rC+)
You are cold-blooded and may be slowed by cold attacks.
You are strong-willed. (Will+)
Your natural rate of healing is unusually fast.


Message History

Unknown command.
Unknown command.
It was a potion of haste.
You feel yourself speed up.
Cheibriados forgives your accidental hurry, just this once.
The slime creature misses you.
The ice beast hits you but does no damage.
The ice beast closely misses you.
The slime creature hits you but does no damage.
Welcome back, LobsterGuardian the White Draconian Conjurer.
Cheibriados says: Take it easy.
Press ? for a list of commands and other information.
Okay, then.
It was a potion of attraction.
You feel attractive to monsters.
The ice beast hits you but does no damage.
The slime creature hits you.
* * * LOW HITPOINT WARNING * * *
Welcome back, LobsterGuardian the White Draconian Conjurer.
Cheibriados says: Take it easy.
Press ? for a list of commands and other information.
Welcome back, LobsterGuardian the White Draconian Conjurer.
Cheibriados says: Take it easy.
Press ? for a list of commands and other information.
You warp the flow of time around you!
Okay, then.
Unknown command.
Okay, then.
You warp the flow of time around you!
Cheibriados lowers the support of your attributes as your movement quickens.
You warp the flow of time around you!
You fail to use your ability.
The slime creature is attracted toward you.
The sky beast is attracted toward you.
You fail to use your ability.
The slime creature is attracted toward you.
The sky beast is attracted toward you.
You fail to use your ability.
The slime creature quivers.
The slime creature hits you!
You die...

## .# [.## ♣.♣ ♣. ..#
.♣... . #########'##
..♣.♣.♣ #.......#..#
....... #.⌠...⌠.#[.#
....... .#..⌠.)..#J@###
....#
.'..§⌠...§.##.##....#..
#....§§Y###..#........
#.⌠.(.⌠.#.#......####.
#.......#....#..##
####'####..†.#...### #.
#..........# .
##.##.....## .
#..........#


You could see a slime creature and a sky beast (wandering).

Vanquished Creatures
  Prince Ribbit (D:5)
  A steam dragon (D:7)
  2 water moccasins (D:6)
  2 black bears (D:5)
  A centaur (D:7)
  2 ogres
  2 phantoms
  3 scorpions
  A wight (D:7)
  3 orc priests
  4 hounds
  Jessica (D:2)
  4 iguanas
  Natasha (thrice) (D:2)
  2 orc wizards (D:7)
  3 adders
  A white imp (D:6)
  An ufetubus (D:6)
  18 orcs
  6 ball pythons
  2 bats
  9 endoplasms
  A giant cockroach (D:1)
  11 goblins
  4 hobgoblins
  12 jackals
  4 quokkas
  2 frilled lizards (D:1)
  3 kobolds
  6 rats
115 creatures vanquished.

Vanquished Creatures (others)
  2 fulminant prisms
  8 fungi
10 creatures vanquished.

Grand Total: 125 creatures vanquished

Notes
Turn   | Place    | Note
-------+----------+-------------------------------------------
     0 | D:1      | LobsterGuardian the Draconian Conjurer began the quest for
                  | the Orb.
     0 | D:1      | Reached XP level 1. HP: 14/14 MP: 3/3
   264 | D:1      | Reached XP level 2. HP: 18/20 MP: 1/5
   645 | D:1      | Found a faded altar of an unknown god.
   929 | D:2      | Learned a level 2 spell: Searing Ray
   994 | D:2      | Found a snail-covered altar of Cheibriados.
  1197 | D:2      | Noticed Natasha
  1202 | D:2      | Killed Natasha
  1203 | D:2      | Reached XP level 3. HP: 26/26 MP: 0/6
  1208 | D:2      | Became a worshipper of Cheibriados the Contemplative
  1219 | D:2      | Noticed Natasha
  1233 | D:2      | Killed Natasha
  1234 | D:2      | Reached XP level 4. HP: 16/33 MP: 1/7
  1234 | D:2      | Gained mutation: You are strong-willed. (Will+) [potion of
                  | mutation]
  1234 | D:2      | Gained mutation: Your natural rate of healing is unusually
                  | fast. [potion of mutation]
  1347 | D:2      | Noticed Jessica
  1354 | D:2      | Killed Jessica
  1355 | D:2      | Reached skill level 1 in Staves
  1355 | D:2      | Reached skill level 5 in Conjurations
  1622 | D:2      | Noticed Natasha
  1634 | D:2      | Killed Natasha
  2034 | D:3      | Reached XP level 5. HP: 38/38 MP: 6/9
  2132 | D:3      | Reached * piety under Cheibriados
  2364 | D:3      | Found a radiant altar of Vehumet.
  2560 | D:3      | Learned a level 3 spell: Dazzling Flash
  2565 | D:3      | Learned a level 4 spell: Iskenderun's Mystic Blast
  3289 | D:4      | Reached XP level 6. HP: 46/46 MP: 5/10
  3448 | D:4      | Reached skill level 1 in Invocations
  3624 | D:4      | Reached ** piety under Cheibriados
  3806 | D:5      | Entered Level 5 of the Dungeon
  3928 | D:5      | Your scales start taking on an icy white colour.
  3928 | D:5      | Reached XP level 7. HP: 51/51 MP: 2/12
  3928 | D:5      | Gained mutation: Your flesh is cold resistant. (rC+) [White
                  | Draconian growth]
  4289 | D:5      | Noticed Prince Ribbit
  4326 | D:5      | Killed Prince Ribbit
  4327 | D:5      | Reached skill level 1 in Fighting
  4537 | D:5      | Reached XP level 8. HP: 51/59 MP: 0/15
  4780 | D:5      | Reached *** piety under Cheibriados
  4943 | D:6      | Learned a level 4 spell: Fulminant Prism
  4967 | D:6      | Reached skill level 5 in Spellcasting
  5061 | D:6      | Found a staircase to the Ecumenical Temple.
  5186 | D:6      | Reached skill level 5 in Staves
  5186 | D:6      | Reached skill level 6 in Conjurations
  5742 | D:6      | Upgraded the game from 0.30-a0-1016-gfb0d676c02 to
                  | 0.30-a0-1018-g25214051b3
  5812 | D:7      | Noticed a slime creature
  5818 | D:7      | HP: 2/61 [slime creature (13)]
  5830 | D:7      | Slain by a slime creature

Illustrated notes

Levels and vault maps discovered:
D:1:      heliophobic_arrival_battle_scene, layout_basic,
          shapermc_ecumenical_altar_ellora, nicolae_figureground_pulse
D:2:      layout_basic, basic_altar, minmay_crystal_water, nicolae_hexahallways,
          uniq_natasha, uniq_jessica
D:3:      layout_loops_ring, mainiacjoe_overflow_alcove_2
D:4:      layout_basic
D:5:      layout_loops_cross, serial_aquarium, aquarium_bridge_square
          [aquarium_subvault_bridge, aquarium_subvault_bridge,
          aquarium_subvault_balcony, aquarium_subvault_wall],
          aquarium_bridge_straight [aquarium_subvault_bridge,
          aquarium_subvault_wall, aquarium_subvault_bridge,
          aquarium_subvault_wall], aquarium_window_1, aquarium_window_1,
          aquarium_window_2, aquarium_view_2e, aquarium_pool_1,
          minmay_ogre_servants, uniq_prince_ribbit1
D:6:      layout_rooms, minmay_temple_entry_butterflies, minmay_misc_feat_x
D:7:      minmay_chambers_of_sevens, layout_cave_pools, tso_metal_star,
          moated_statue, minmay_misc_feat_doors, kennysheep_crisscross

Skill      XL: |  1  2  3  4  5  6  7  8 |
---------------+-------------------------+-----
Dodging        | 2 3 |  3.7
Staves         | 1 2 3 4 5 |  5.9
Stealth        | 2 3 |  3.5
Conjurations   | 5 6 |  6.2
Spellcasting   | 3 4 5 |  5.8
Invocations    | 1 2 3 |  3.5
Fighting       | 1 |  1.9
Translocations | |  0.3

Action                     |  1- 3 |  4- 6 |  7- 9 || total
---------------------------+-------+-------+-------++-------
  Melee: Unarmed           |    34 |       |       ||    34
         Tailslap          |     4 |       |     4 ||     8
         Punch             |     1 |       |       ||     1
         Quarterstaff      |     7 |    22 |    48 ||    77
   Cast: Magic Dart        |    37 |    76 |    73 ||   186
         Searing Ray       |     1 |     3 |     5 ||     9
         Iskenderun's Myst |       |     1 |     6 ||     7
         Dazzling Flash    |       |       |     1 ||     1
         Fulminant Prism   |       |       |     2 ||     2
 Invoke: Temporal Distorti |       |       |     3 ||     3
Ability: Breathe Frost     |       |       |     7 ||     7
    Use: Scroll            |     5 |     3 |     5 ||    13
         Potion            |     3 |     1 |     6 ||    10
   Stab: Sleeping          |       |     1 |       ||     1
 Armour: Skin              |    22 |    21 |    33 ||    76
  Dodge: Dodged            |    25 |    37 |    70 ||   132

Table legend: (Time is in decaauts)
 A = Elapsed time spent in this place.
 B = Non-inter-level travel time spent in this place.
 C = Inter-level travel time spent in this place.
 D = Time resting spent in this place.
 E = Time spent auto-exploring this place.
 F = Levels seen in this place.
 G = Mean time per level.
                   A        B        C        D        E       F      G
               +--------+--------+--------+--------+--------+-----+--------+
         Total |   7025 |   6783 |    242 |      0 |   5956 |   7 | 1003.6 |
       Dungeon |   7025 |   6783 |    242 |      0 |   5956 |   7 | 1003.6 |
               +--------+--------+--------+--------+--------+-----+--------+

Top non-repeatable levels by time:
     D:5: 1414 daAuts
     D:2: 1320 daAuts
     D:4: 1146 daAuts
     D:3: 1099 daAuts
     D:6: 1064 daAuts
     D:1: 874 daAuts
     D:7: 105 daAuts
